 Dungeon Crawl Stone Soup version 0.30-a0-702-gdf48620a09 (webtiles) character file.

Game seed: 4541175920267957847

88 OTABOTABOTAB the Shooter (level 4, 0/28 HPs)
             Began as a Kobold Hunter on Jan 22, 2023.
             Succumbed to Crazy Yiuf's poison
             ... on level 2 of the Dungeon.
             The game lasted 00:01:51 (1646 turns).

OTABOTABOTAB the Shooter (Kobold Hunter)            Turns: 1646, Time: 00:01:52

Health: 0/28       AC:  6    Str:  8    XL:     4   Next: 81%
Magic:  4/4        EV: 15    Int: 10    God:
Gold:   48         SH:  0    Dex: 20    Spells: 3/3 levels left

rFire   . . .      SeeInvis .    a - +0 shortbow
rCold   . . .      Faith    .    (shield currently unavailable)
rNeg    . . .      Spirit   .    c - +0 leather armour
rPois   .          Reflect  .    h - +2 hat
rElec   .          Harm     .    (no cloak)
rCorr   .          Rampage  .    (no gloves)
Will    .....                    j - +0 pair of boots
Stlth   +++                      (no amulet)
HPRegen 0.24/turn                (no ring)
MPRegen 0.09/turn                (no ring)

@: lethally poisoned (0 -> -11)
A: small, no large weapons, nightstalker 3
a: no special abilities


You were on level 2 of the Dungeon.
You visited 1 branch of the dungeon, and saw 2 of its levels.

You collected 48 gold pieces.

Inventory:

Hand Weapons
 a - a +0 shortbow (weapon)
 b - a +1 dagger of flaming
   (You took it off a kobold on level 1 of the Dungeon)
Missiles
 s - 16 stones
Armour
 c - a +0 leather armour (worn)
 h - a +2 hat (worn)
   (You found it on level 2 of the Dungeon)
 i - a scarf of harm
   (You found it on level 2 of the Dungeon)
 j - a +0 pair of boots (worn)
   (You found it on level 1 of the Dungeon)
Scrolls
 d - a scroll of fog {unknown}
 f - a scroll of vulnerability {unknown}
 g - 2 scrolls of identify {unknown}
 k - a scroll of silence {unknown}
 l - a scroll of teleportation {unknown}
 K - a scroll of immolation {!r}
Potions
 e - a potion of ambrosia {unknown}


   Skills:
 + Level 3.0 Fighting
 * Level 6.3 Ranged Weapons
 + Level 3.3 Dodging
 + Level 2.9 Stealth


You had 3 spell levels left.
You didn't know any spells.
Your spell library contained the following spells:

 Spells                   Type           Power      Damage    Failure   Level
 Freeze                   Ice            0%         1d3       50%         1
 Necrotise                Necr           0%         1d4       50%         1
 Frozen Ramparts          Ice            0%         1d1       86%         3
 Hailstorm                Conj/Ice       0%         3d3       86%         3
 Stone Arrow              Conj/Erth      0%         3d7       86%         3
 Vampiric Draining        Necr           0%         2d6       86%         3
 Animate Armour           Summ/Erth      0%         N/A       99%         4
 Agony                    Necr           0%         N/A       100%        5
 Lehudib's Crystal Spear  Conj/Erth      0%         10d2      100%        8


Dungeon Overview and Level Annotations

Branches:
Dungeon (2/15)

Altars:

Shops:
D:2 *

Annotations:
D:2 Crazy Yiuf


Innate Abilities, Weirdness & Mutations

You are small and have problems with some larger weapons.
You are completely attuned to the shadows.


Message History

i - a scarf of harm
Found a stone staircase leading up.
There is a stone staircase leading up here.
A frilled lizard comes into view.
You shoot an arrow.
The arrow barely misses the frilled lizard.
You shoot an arrow. The arrow misses the frilled lizard.
The frilled lizard misses you.
You shoot an arrow.
The arrow closely misses the frilled lizard.
The frilled lizard closely misses you.
You shoot an arrow. The arrow hits the frilled lizard.
You kill the frilled lizard!
No target in view!
No target in view!
(D) Dungeon
Where to? (? - help)
There is a stone staircase leading up here.
You climb upwards.
There is a stone staircase leading down here.
You see here a +0 whip.
j - a +0 pair of boots A bat comes into view.
You shoot an arrow. The arrow hits the bat!
You kill the bat!
No target in view!
No target in view!
Done exploring.
You start putting on your armour.
You continue putting on your +0 pair of boots. x4
You finish putting on your +0 pair of boots.
(D) Dungeon
Where to? (Enter - D:1, ? - help)
You see here a +0 whip.
There is a stone staircase leading down here.
You climb downwards.
There is a stone staircase leading up here.
A kobold comes into view. It is wielding a +0 short sword.
You shoot an arrow. The kobold shouts!
The arrow hits the kobold!
You kill the kobold!
No target in view!
No target in view!
A rat comes into view.
You shoot an arrow. The arrow closely misses the rat.
You shoot an arrow. The arrow hits the rat!
You kill the rat!
s - 16 stones (gained 5)
You see here a +0 short sword.
A goblin comes into view. It is wielding a +0 club.
You shoot an arrow. The arrow hits the goblin.
The goblin shouts!
You shoot an arrow. The arrow closely misses the goblin.
You shoot an arrow. The arrow hits the goblin!
You kill the goblin!
k - a scroll labelled IQUNKUTAYHIR
Found Kiolis's General Store.
No target in view!
There is an entrance to Kiolis's General Store here.
Found a stone staircase leading up.
There is a stone staircase leading up here.
Found a stone staircase leading down.
l - a scroll labelled KIODE KASCH
There is a stone staircase leading down here.
Found a stone staircase leading down.
A goblin comes into view. It is wielding a +0 club.
You shoot an arrow. The arrow hits the goblin.
The goblin shouts!
You shoot an arrow. The arrow hits the goblin!
You kill the goblin!
No target in view!
There is a stone staircase leading down here.
g - 2 scrolls labelled FAVIDA POU (gained 1) You're in a travel-excluded area, stopping explore.
You're in a travel-excluded area, stopping explore.
You open the door. You shoot an arrow. The arrow hits Crazy Yiuf!
Crazy Yiuf shouts!
You shoot an arrow. The arrow hits Crazy Yiuf.
Crazy Yiuf yells, "Fire!"
You shoot an arrow. The arrow hits Crazy Yiuf.
Crazy Yiuf closely misses you.
You shoot an arrow. The arrow closely misses Crazy Yiuf.
Crazy Yiuf hits you with a +3 quarterstaff of chaos!
You are poisoned.
Crazy Yiuf hits you with a +3 quarterstaff of chaos!
Crazy Yiuf draws strength from your wounds!
You take 16 damage, and have 12/28 hp.
MASSIVE DAMAGE!!
Fire: a) +0 shortbow
Aim: Crazy Yiuf, wielding a +3 quarterstaff of chaos and wearing a +0 cloak (heavily wounded, 69% to hit)
You shoot an arrow. The arrow hits Crazy Yiuf!
* * * LOW HITPOINT WARNING * * *
You feel very sick.
Crazy Yiuf hits you with a +3 quarterstaff of chaos.
* * * LOW HITPOINT WARNING * * *
Fire: a) +0 shortbow
Aim: Crazy Yiuf, wielding a +3 quarterstaff of chaos and wearing a +0 cloak (almost dead, 69% to hit)
You shoot an arrow. The arrow closely misses Crazy Yiuf.
You die...

.#
#...##.#############
.#
#..[...............#
.#
###..#...#.#######.#
## # ########## #.#
#####.## #.#
....†... #######.##
######## ##
###.#...#..#
...##..#.#.....#
...g@####......#
)..### ##..#.## ##
######


You could see Crazy Yiuf.

Vanquished Creatures
  Jessica (D:2)
  An adder (D:2)
  3 dart slugs
  6 bats
  2 endoplasms (D:1)
  2 giant cockroaches
  4 goblins
  3 hobgoblins
  2 jackals (D:2)
  3 quokkas (D:1)
  6 ball pythons
  6 frilled lizards
  4 kobolds
  6 rats
49 creatures vanquished.

Notes
Turn   | Place    | Note
-------+----------+-------------------------------------------
     0 | D:1      | OTABOTABOTAB the Kobold Hunter began the quest for the Orb.
     0 | D:1      | Reached XP level 1. HP: 12/12 MP: 1/1
    85 | D:1      | Reached XP level 2. HP: 14/18 MP: 2/2
   144 | D:1      | Found a faded altar of an unknown god.
   283 | D:1      | Reached skill level 2 in Stealth
   354 | D:1      | Reached XP level 3. HP: 20/22 MP: 3/3
   600 | D:1      | Reached skill level 3 in Dodging
   848 | D:1      | You fall into a shaft and drop 1 floor!
  1058 | D:2      | Reached skill level 6 in Ranged Weapons
  1091 | D:2      | Reached XP level 4. HP: 27/27 MP: 4/4
  1110 | D:2      | Noticed Jessica
  1112 | D:2      | Killed Jessica
  1113 | D:2      | Reached skill level 3 in Fighting
  1388 | D:2      | Found Kiolis's General Store.
  1636 | D:2      | Found a runed translucent door.
  1639 | D:2      | Noticed Crazy Yiuf
  1645 | D:2      | HP: 7/28 [poisoned by Crazy Yiuf]
  1645 | D:2      | HP: 2/28 [Crazy Yiuf/+3 quarterstaff of chaos (5)]
  1646 | D:2      | Succumbed to Crazy Yiuf's poison

Illustrated notes

Levels and vault maps discovered:
D:1:      ncdulo_halloftheorcs, layout_loops_ring,
          shapermc_ecumenical_altar_mp_highgroup
D:2:      layout_basic, serial_shops, nicolae_diamond_shop, uniq_jessica,
          uniq_crazy_yiuf_cottage

Skill      XL: |  1  2  3  4 |
---------------+-------------+-----
Stealth        | 2 |  2.9
Dodging        | 3 |  3.3
Ranged Weapons | 6 |  6.3
Fighting       | 3 |  3.0

Action                   |  1- 3 |  4- 6 || total
-------------------------+-------+-------++-------
 Fire: Shortbow          |    78 |    22 ||   100
Armor: Leather armour    |     5 |       ||     5
Dodge: Dodged            |    27 |     3 ||    30

Table legend: (Time is in decaauts)
 A = Elapsed time spent in this place.
 B = Non-inter-level travel time spent in this place.
 C = Inter-level travel time spent in this place.
 D = Time resting spent in this place.
 E = Time spent auto-exploring this place.
 F = Levels seen in this place.
 G = Mean time per level.
                   A        B        C        D        E       F      G
               +--------+--------+--------+--------+--------+-----+--------+
         Total |   1672 |   1630 |     42 |      0 |   1429 |   2 |  836.0 |
       Dungeon |   1672 |   1630 |     42 |      0 |   1429 |   2 |  836.0 |
               +--------+--------+--------+--------+--------+-----+--------+

Top non-repeatable levels by time:
     D:1: 989 daAuts
     D:2: 683 daAuts

Table legend:
 A = Kills in this place as a percentage of kills in entire the game.
 B = Kills by you in this place as a percentage of kills by you in the entire game.
 C = Kills by friends in this place as a percentage of kills by friends in the entire game.
 D = Other kills in this place as a percentage of other kills in the entire game.
 E = Experience gained in this place as a percentage of experience gained in the entire game.
 F = Experience gained in this place divided by the number of levels of this place that you have seen.
                   A       B       C       D       E      F
               +-------+-------+-------+-------+-------+----------------------
         Total | 100.0 | 100.0 |   N/A |   N/A | 100.0 |  63.0
       Dungeon | 100.0 | 100.0 |   N/A |   N/A | 100.0 |  63.0
               +-------+-------+-------+-------+-------+----------------------
